Little Stars vs Mustangs (R1)

Created - 14 février 2016 at 19:48

Goals
1 2 3 T
Little Stars 4 0 2 6
Mustangs 0 1 0 1
Shots
1 2 3 T
Little Stars 13 9 9 31
Mustangs 8 11 14 33

1st period

1. Little Stars , Alexander Vasyunov 7 (Raphael Diaz, Peter Budaj) at 7:07
2. Little Stars , Ryan Vesce 31 (Marcus Kruger) at 11:37 (PP)
3. Little Stars , Raphael Diaz 7 (Marcus Kruger, Peter Budaj) at 12:53 (PP)
4. Little Stars , Cody Bass 14 (Hugh Jessiman, Raphael Diaz) at 14:09

Penalties :
Jamie McGinn (Tex) for Hooking (Minor) at 8:01, Brayden Schenn (Ham) for Roughing (Double Minor) at 11:29, Eric Godard (Ham) for Fighting (Major) at 15:44, Jamie McGinn (Tex) for Fighting (Major) at 15:44, Eric Godard (Ham) for instigated a fight (Minor) at 15:44, Eric Godard (Ham) for instigated a fight (10 Minutes Misconduct) at 15:44, Marcus Kruger (Tex) for Roughing (Minor) at 16:21

2nd period

5. Mustangs , Ben Eager 25 (Eric Gryba, Denis Shvidki) at 4:11

Penalties :
Jesse Joensuu (Tex) for Tripping (Minor) at 0:37, Mathieu Roy (Tex) for Goalie Interference (Minor) at 1:46, Cameron Gaunce (Ham) for Tripping (Minor) at 13:36, Zack Kassian (Tex) for Holding (Minor) at 18:18

3rd period

6. Little Stars , Alexander Vasyunov 8 (Danny DeKeiser) at 11:05
7. Little Stars , Marcus Johansson 14 (Marcus Kruger, Peter Budaj) at 18:00 (PP)

Penalties :
Cody Bass (Tex) for Hooking (Minor) at 1:09, Mathieu Roy (Tex) for Cross-checking (Minor) at 1:43, Mathieu Roy (Tex) for High sticking (Minor) at 6:41, Justin Faulk (Tex) for Holding (Minor) at 8:07, Marcus Foligno (Ham) for Cross-checking (Minor) at 14:14, Nate Guenin (Ham) for Roughing (Minor) at 17:13

Goalie Stats

Peter Budaj (Tex), 32 saves from 33 shots - (0,970), W, 16-16-2, 60:00 minutes
Maxime Ouellet (Ham), 6 saves from 10 shots - (0,600), L, 18-11-4, 14:09 minutes
Chet Pickard (Ham), 19 saves from 21 shots - (0,905), 45:51 minutes

Players Stats for Little Stars

Player Name              G  A  P  +/- PIM S  H  SB GA TA FO     MP     PP MP  PK MP  
------------------------------------------------------------------------------------
Alexander Guptill        0  0  0   0  0   0  0  0  0  0  0/0     0:34   0:00   0:11 
Alexander Vasyunov       2  0  2   0  0   2  0  0  1  0  0/1     8:59   0:00   0:00 
Andrej Nestrasil         0  0  0   0  0   0  0  0  0  0  0/0     0:19   0:19   0:00 
Cody Bass                1  0  1   1  2   1  1  0  0  0  7/11   13:38   2:37   0:02 
Connor Brickley          0  0  0   0  0   0  0  0  0  0  0/0     0:00   0:00   0:00 
Conor Allen              0  0  0  -1  0   0  2  1  0  1  0/0    10:42   0:00   2:23 
Dana Tyrell              0  0  0   0  0   1  0  0  1  0  1/2     4:36   0:00   0:00 
Danny DeKeiser           0  1  1   2  0   1  1  1  0  0  0/0    26:45   3:00   6:10 
Dennis Everberg          0  0  0   0  0   0  0  0  0  0  0/1     4:55   0:19   0:00 
Erik Haula               0  0  0   0  0   0  1  0  1  0  3/7    10:01   0:00   0:16 
Hugh Jessiman            0  1  1   1  0   4  1  1  4  0  2/3    21:52   2:37   6:34 
Jamie McGinn             0  0  0   0  7   0  1  0  0  0  0/0     4:55   0:00   0:17 
Jesse Joensuu            0  0  0   1  2   0  1  0  1  0  0/0    13:45   2:37   0:09 
Justin Faulk             0  0  0   1  2   2  0  0  0  3  0/0    24:57   3:00   6:33 
Landon Ferraro           0  0  0   1  0   0  0  0  0  0  0/1     2:58   0:19   0:00 
Marcus Johansson         1  0  1   1  0   3  4  1  0  0  1/1    20:37   3:50   3:53 
Marcus Kruger            0  3  3   1  2   3  2  0  0  0  18/34  19:04   3:49   2:42 
Mathieu Roy              0  0  0   0  6   3  5  1  3  1  0/0    29:38   3:46   4:38 
Oscar Lindberg           0  0  0   0  0   0  0  0  0  0  0/1     2:25   0:00   2:24 
Raphael Diaz             1  2  3   2  0   3  3  3  1  1  0/0    29:05   3:46   8:08 
Ryan Vesce               1  0  1   1  0   4  3  3  0  0  10/15  25:31   3:50   7:50 
Zack Kassian             0  0  0  -1  2   4  2  1  0  0  0/0     7:00   0:00   0:00 

Players Stats for Mustangs

Player Name              G  A  P  +/- PIM S  H  SB GA TA FO     MP     PP MP  PK MP  
------------------------------------------------------------------------------------
Ben Eager                1  0  1   0  0   2  1  1  1  0  2/2    18:14   5:53   1:03 
Brayden Schenn           0  0  0   0  4   4  2  1  0  1  19/42  24:02   7:09   3:11 
Cameron Gaunce           0  0  0  -2  2   0  1  2  0  0  0/0    12:22   0:00   0:00 
Daniel Winnik            0  0  0  -1  0   2  0  0  0  1  1/3     8:28   0:02   1:26 
Denis Shvidki            0  1  1   0  0   4  0  1  1  0  0/1    11:48   2:32   0:00 
Derek Joslin             0  0  0  -2  0   3  1  2  0  3  0/0    21:18   5:00   2:32 
Eric Godard              0  0  0  -1  17  4  1  0  0  0  1/1    12:19   4:00   0:00 
Eric Gryba               0  1  1   0  0   2  4  0  0  0  0/0    31:03   8:41   4:14 
Evander Kane             0  0  0   0  0   2  0  1  4  2  0/2    25:52   7:09   4:14 
Jerome Samson            0  0  0  -1  0   0  0  0  0  0  0/0     6:23   0:00   0:00 
Marcus Foligno           0  0  0  -1  2   0  0  0  0  0  0/0     7:28   0:00   0:00 
Mark Pysyk               0  0  0   0  0   0  1  0  0  0  0/0     7:48   0:00   0:09 
Nate Guenin              0  0  0   0  2   1  1  3  0  1  0/0    16:25   5:00   2:23 
Reilly Smith             0  0  0   0  0   1  0  0  0  1  0/2    22:57   7:46   1:29 
Rick Schofield           0  0  0  -1  0   0  0  0  0  0  2/6     6:23   0:00   0:00 
Riley Armstrong          0  0  0  -1  0   1  0  0  0  1  3/7     7:41   0:02   0:00 
Ryan O'Reilly            0  0  0   0  0   4  3  0  0  1  7/11   20:13   6:30   2:09 
Tom Gilbert              0  0  0   0  0   3  1  4  0  1  0/0    31:03   8:41   4:14 

3 Stars

1 - Raphael Diaz (Tex)
2 - Peter Budaj (Tex)
3 - Alexander Vasyunov (Tex)

Power Play

Little Stars - 3 on 6 Attempt(s) - 50,00%
Mustangs - 0 on 9 Attempt(s) - 0,00%

Penalty Kill

Little Stars - 9 on 9 Attempt(s) - 100,00% - Score 0 goal in Penalty Kill
Mustangs - 3 on 6 Attempt(s) - 50,00% - Score 0 goal in Penalty Kill

Team Stat

Little Stars - Hits : 27 - Faceoff Wins : 42 - Blocked Shots : 12 - Penalty Minutes : 23
Mustangs - Hits : 16 - Faceoff Wins : 35 - Blocked Shots : 15 - Penalty Minutes : 27

Official

Referees : Pollock Kevin and Auger Stephane
Linesman : Brad Lazarowich and Darren Gibbs

Game Notes

Chet Pickard enters game at 14:09 of 1st period
Eric Godard beats up Jamie McGinn at 15:44 of 1st period
Zack Kassian is injured at 5:14 of 3rd period (Bruised Left Foot)

Finance

Level 1 -- Attendance: 1374 (68,70%) -- Ticket Income 54 960 $
Level 2 -- Attendance: 763 (76,30%) -- Ticket Income 15 260 $
Total Attendance: 2137 (71,23%)
Total Ticket Income: 70 220 $
Other Income: 3 511 $
Total Income: 73 731 $

Little Stars

5 vs 5 Forward 
   Center                   Left Wing                Right Wing               Time % Phy DF OF 
 1 Marcus Kruger            Marcus Johansson         Ryan Vesce               40     1   2  2  
 2 Cody Bass                Jesse Joensuu            Hugh Jessiman            30     1   2  2  
 3 Erik Haula               Alexander Vasyunov       Zack Kassian             20     1   2  2  
 4 Dana Tyrell              Jamie McGinn             Dennis Everberg          10     1   2  2  

5 vs 5 Defense 
   Defense                  Defense                                           Time % Phy DF OF 
 1 Mathieu Roy              Raphael Diaz                                      40     1   2  2  
 2 Danny DeKeiser           Justin Faulk                                      30     1   2  2  
 3 Conor Allen              Mathieu Roy                                       20     1   2  2  
 4 Raphael Diaz             Danny DeKeiser                                    10     1   2  2  

PowerPlay Forward 
   Center                   Left Wing                Right Wing               Time % Phy DF OF 
 1 Marcus Kruger            Marcus Johansson         Ryan Vesce               60     1   2  2  
 2 Cody Bass                Jesse Joensuu            Hugh Jessiman            40     1   2  2  

PowerPlay Defense
   Defense                  Defense                                           Time % Phy DF OF 
 1 Mathieu Roy              Raphael Diaz                                      60     1   2  2  
 2 Danny DeKeiser           Justin Faulk                                      40     1   2  2  

Penalty Kill 4 Players Forward 
   Center                   Wing                     Time % Phy DF OF 
 1 Ryan Vesce               Hugh Jessiman            60     1   2  2  
 2 Marcus Kruger            Marcus Johansson         40     1   2  2  

Penalty Kill 4 Players Defense
   Defense                  Defense                  Time % Phy DF OF 
 1 Mathieu Roy              Raphael Diaz             60     1   2  2  
 2 Danny DeKeiser           Justin Faulk             40     1   2  2  

Penalty Kill - 3 Players Forward 
   Forward                                           Time % Phy DF OF 
 1 Ryan Vesce                                        60     1   2  2  
 2 Hugh Jessiman                                     40     1   2  2  

Penalty Kill - 3 Players Defense
   Defense                  Defense                  Time % Phy DF OF 
 1 Mathieu Roy              Raphael Diaz             60     1   2  2  
 2 Danny DeKeiser           Justin Faulk             40     1   2  2  

4 vs 4 Forward 
   Center                   Wing                     Time % Phy DF OF 
 1 Ryan Vesce               Hugh Jessiman            60     1   2  2  
 2 Marcus Kruger            Marcus Johansson         40     1   2  2  

4 vs 4 Defense
   Defense                  Defense                  Time % Phy DF OF 
 1 Mathieu Roy              Raphael Diaz             60     1   2  2  
 2 Danny DeKeiser           Justin Faulk             40     1   2  2  

Last Minutes Offensive
   Center                   Left Wing                Right Wing               Defense                  Defense                  
   Marcus Kruger            Marcus Johansson         Ryan Vesce               Mathieu Roy              Raphael Diaz             

Last Minutes Defensive
   Center                   Left Wing                Right Wing               Defense                  Defense                  
   Marcus Kruger            Marcus Johansson         Ryan Vesce               Mathieu Roy              Raphael Diaz             

Goaltenders
Starting : Peter Budaj              
Backup : Ben Scrivens             

Extra Forwards
Normal : Landon Ferraro, Andrej Nestrasil, Oscar Lindberg - PP : Landon Ferraro, Andrej Nestrasil - PK : Oscar Lindberg
Extra Defensemen
Normal : Conor Allen, Justin Faulk, Mathieu Roy - PP : Conor Allen - PK : Justin Faulk, Mathieu Roy
Penalty Shots
Ryan Vesce, Hugh Jessiman, Marcus Kruger, Marcus Johansson, Jesse Joensuu

Mustangs

5 vs 5 Forward 
   Center                   Left Wing                Right Wing               Time % Phy DF OF 
 1 Brayden Schenn           Evander Kane             Reilly Smith             40     1   2  2  
 2 Ryan O'Reilly            Ben Eager                Eric Godard              30     1   2  2  
 3 Riley Armstrong          Marcus Foligno           Denis Shvidki            20     1   2  2  
 4 Rick Schofield           Daniel Winnik            Jerome Samson            10     1   2  2  

5 vs 5 Defense 
   Defense                  Defense                                           Time % Phy DF OF 
 1 Tom Gilbert              Eric Gryba                                        40     1   2  2  
 2 Derek Joslin             Cameron Gaunce                                    30     1   2  2  
 3 Nate Guenin              Mark Pysyk                                        20     1   2  2  
 4 Tom Gilbert              Eric Gryba                                        10     1   2  2  

PowerPlay Forward 
   Center                   Left Wing                Right Wing               Time % Phy DF OF 
 1 Brayden Schenn           Evander Kane             Reilly Smith             60     0   0  5  
 2 Ryan O'Reilly            Ben Eager                Eric Godard              40     0   0  5  

PowerPlay Defense
   Defense                  Defense                                           Time % Phy DF OF 
 1 Tom Gilbert              Eric Gryba                                        60     0   1  4  
 2 Derek Joslin             Nate Guenin                                       40     0   1  4  

Penalty Kill 4 Players Forward 
   Center                   Wing                     Time % Phy DF OF 
 1 Brayden Schenn           Evander Kane             60     1   4  0  
 2 Ryan O'Reilly            Reilly Smith             40     1   4  0  

Penalty Kill 4 Players Defense
   Defense                  Defense                  Time % Phy DF OF 
 1 Tom Gilbert              Eric Gryba               60     1   4  0  
 2 Derek Joslin             Nate Guenin              40     1   4  0  

Penalty Kill - 3 Players Forward 
   Forward                                           Time % Phy DF OF 
 1 Brayden Schenn                                    60     1   4  0  
 2 Denis Shvidki                                     40     1   4  0  

Penalty Kill - 3 Players Defense
   Defense                  Defense                  Time % Phy DF OF 
 1 Tom Gilbert              Eric Gryba               60     1   4  0  
 2 Derek Joslin             Nate Guenin              40     1   4  0  

4 vs 4 Forward 
   Center                   Wing                     Time % Phy DF OF 
 1 Brayden Schenn           Evander Kane             60     0   1  4  
 2 Ryan O'Reilly            Reilly Smith             40     0   1  4  

4 vs 4 Defense
   Defense                  Defense                  Time % Phy DF OF 
 1 Tom Gilbert              Eric Gryba               60     0   2  3  
 2 Derek Joslin             Nate Guenin              40     0   2  3  

Last Minutes Offensive
   Center                   Left Wing                Right Wing               Defense                  Defense                  
   Brayden Schenn           Evander Kane             Reilly Smith             Tom Gilbert              Derek Joslin             

Last Minutes Defensive
   Center                   Left Wing                Right Wing               Defense                  Defense                  
   Ryan O'Reilly            Ben Eager                Eric Godard              Tom Gilbert              Derek Joslin             

Goaltenders
Starting : Maxime Ouellet           
Backup : Chet Pickard             

Extra Forwards
Normal : Evander Kane, Brayden Schenn, Ryan O'Reilly - PP : Ryan O'Reilly, Evander Kane - PK : Daniel Winnik
Extra Defensemen
Normal : Tom Gilbert, Eric Gryba, Derek Joslin - PP : Tom Gilbert - PK : Eric Gryba, Derek Joslin
Penalty Shots
Brayden Schenn, Evander Kane, Ben Eager, Reilly Smith, Ryan O'Reilly

% Time on Ice - Little Stars

Lines # - Real PCT - Wanted PCT - Time Play
Normal Forward
1 - 36% - 40% - 13:36
2 - 29% - 30% - 11:00
3 - 24% - 20% - 8:59
4 - 12% - 10% - 4:36
Normal Defense
1 - 37% - 40% - 14:01
2 - 38% - 30% - 14:33
3 - 20% - 20% - 7:29
4 - 6% - 10% - 2:08
PP Forward
1 - 61% - 60% - 4:09
2 - 39% - 40% - 2:37
PP Defense
1 - 56% - 60% - 3:46
2 - 44% - 40% - 3:00
PK Forward
1 - 70% - 60% - 7:38
2 - 30% - 40% - 3:15
PK Defense
1 - 66% - 60% - 7:14
2 - 34% - 40% - 3:39
PK3 Forward
1 - 84% - 60% - 2:21
2 - 16% - 40% - 0:27
PK3 Defense
1 - 78% - 60% - 2:11
2 - 22% - 40% - 0:37
44 Forward
1 - 76% - 60% - 1:02
2 - 24% - 40% - 0:20
44 Defense
1 - 88% - 60% - 1:12
2 - 12% - 40% - 0:10
Last Minute Offensive  - 0:00
Last Minute Defensive  - 0:00
Total
Forward - 60:00
Defense - 60:00

% Time on Ice - Mustangs

Lines # - Real PCT - Wanted PCT - Time Play
Normal Forward
1 - 34% - 40% - 13:04
2 - 30% - 30% - 11:28
3 - 19% - 20% - 7:16
4 - 17% - 10% - 6:23
Normal Defense
1 - 44% - 40% - 16:37
2 - 35% - 30% - 13:15
3 - 20% - 20% - 7:39
4 - 2% - 10% - 0:40
PP Forward
1 - 52% - 60% - 7:11
2 - 48% - 40% - 6:30
PP Defense
1 - 63% - 60% - 8:41
2 - 37% - 40% - 5:00
PK Forward
1 - 78% - 60% - 5:17
2 - 22% - 40% - 1:29
PK Defense
1 - 63% - 60% - 4:14
2 - 37% - 40% - 2:32
PK3 Forward
1 - 0% - 60%
2 - 0% - 40%
PK3 Defense
1 - 0% - 60%
2 - 0% - 40%
44 Forward
1 - 66% - 60% - 0:54
2 - 34% - 40% - 0:28
44 Defense
1 - 62% - 60% - 0:51
2 - 38% - 40% - 0:31
Last Minute Offensive  - 0:00
Last Minute Defensive  - 0:00
Total
Forward - 60:00
Defense - 60:00

Play by Play

1st period


0:01 of 1st period - Brayden Schenn wins face-off versus Marcus Kruger in neutral zone.
1:40 of 1st period - Slapshot by Denis Shvidki.
1:40 of 1st period - Shot Blocked by Marcus Johansson.
1:42 of 1st period - Backhand shot by Riley Armstrong.
1:42 of 1st period - Shot Blocked by Ryan Vesce.
2:04 of 1st period - Snap shot by Marcus Kruger.
2:04 of 1st period - Deflect By Ryan Vesce.
2:04 of 1st period - Shot Misses the Net.
2:04 of 1st period - Puck is out of play.
2:05 of 1st period - Cody Bass wins face-off versus Evander Kane in Mustangs zone.
3:01 of 1st period - Snap shot by Daniel Winnik.
3:01 of 1st period - Shot Misses the Net.
3:35 of 1st period - Snap shot by Ryan Vesce.
3:35 of 1st period - Shot Misses the Net.
3:37 of 1st period - Slapshot by Mathieu Roy.
3:37 of 1st period - Shot Misses the Net.
3:39 of 1st period - Slapshot by Mathieu Roy.
3:39 of 1st period - Shot Misses the Net.
5:07 of 1st period - Eric Gryba is hit by Marcus Johansson and loses puck.
5:12 of 1st period - Wrist shot by Ryan Vesce.
5:12 of 1st period - Stopped by Maxime Ouellet with a rebound.
5:28 of 1st period - Justin Faulk is hit by Cameron Gaunce.
5:43 of 1st period - Daniel Winnik is hit by Zack Kassian.
5:47 of 1st period - Rick Schofield is hit by Raphael Diaz and loses puck.
5:56 of 1st period - Slapshot by Zack Kassian.
5:56 of 1st period - Stopped by Maxime Ouellet without a rebound.
5:57 of 1st period - Brayden Schenn wins face-off versus Cody Bass in Mustangs zone.
6:38 of 1st period - Icing by Raphael Diaz.
6:39 of 1st period - Erik Haula wins face-off versus Evander Kane in Little Stars zone.
6:44 of 1st period - Brayden Schenn is hit by Raphael Diaz and loses puck.
7:07 of 1st period - Wrist shot by Alexander Vasyunov.
7:07 of 1st period - Goal by Alexander Vasyunov - Little Stars : 1 - Mustangs : 0.
7:08 of 1st period - Marcus Kruger wins face-off versus Brayden Schenn in neutral zone.
7:10 of 1st period - Off-side.
7:11 of 1st period - Marcus Kruger wins face-off versus Brayden Schenn in neutral zone.
7:20 of 1st period - Snap shot by Evander Kane.
7:20 of 1st period - Stopped by Peter Budaj with a rebound.
7:56 of 1st period - Slapshot by Mathieu Roy.
7:56 of 1st period - Stopped by Maxime Ouellet without a rebound.
7:57 of 1st period - Ryan O'Reilly wins face-off versus Dana Tyrell in Mustangs zone.
8:01 of 1st period - Minor Penalty to Jamie McGinn for Hooking.
8:02 of 1st period - Ryan Vesce wins face-off versus Brayden Schenn in Little Stars zone.
8:14 of 1st period - Wrist shot by Evander Kane.
8:14 of 1st period - Shot Misses the Net.
9:36 of 1st period - Justin Faulk is hit by Eric Godard and loses puck.
10:01 of 1st period - Penalty to Jamie McGinn is over, Jamie McGinn is back on ice.
10:23 of 1st period - Icing by Daniel Winnik.
10:24 of 1st period - Cody Bass wins face-off versus Rick Schofield in Mustangs zone.
10:36 of 1st period - Daniel Winnik is hit by Cody Bass and loses puck.
11:11 of 1st period - Slapshot by Tom Gilbert.
11:11 of 1st period - Stopped by Peter Budaj without a rebound.
11:12 of 1st period - Brayden Schenn wins face-off versus Erik Haula in Little Stars zone.
11:18 of 1st period - Mathieu Roy is hit by Nate Guenin and loses puck.
11:27 of 1st period - Snap shot by Mathieu Roy.
11:27 of 1st period - Shot Blocked by Nate Guenin.
11:29 of 1st period - Double Minor Penalty to Brayden Schenn for Roughing.
11:30 of 1st period - Ryan Vesce wins face-off versus Daniel Winnik in Mustangs zone.
11:37 of 1st period - Wrist shot by Ryan Vesce.
11:37 of 1st period - Goal by Ryan Vesce - Little Stars : 2 - Mustangs : 0.
11:38 of 1st period - Marcus Kruger wins face-off versus Daniel Winnik in neutral zone.
11:41 of 1st period - Slapshot by Mathieu Roy.
11:41 of 1st period - Shot Blocked by Tom Gilbert.
11:53 of 1st period - Slapshot by Raphael Diaz.
11:53 of 1st period - Stopped by Maxime Ouellet with a rebound.
12:17 of 1st period - Icing by Jesse Joensuu.
12:18 of 1st period - Ryan O'Reilly wins face-off versus Cody Bass in Little Stars zone.
12:37 of 1st period - Snap shot by Cody Bass.
12:37 of 1st period - Shot Misses the Net.
12:39 of 1st period - Slapshot by Justin Faulk.
12:39 of 1st period - Stopped by Maxime Ouellet with a rebound.
12:41 of 1st period - Snap shot by Justin Faulk.
12:41 of 1st period - Shot Blocked by Nate Guenin.
12:43 of 1st period - Slapshot by Justin Faulk.
12:43 of 1st period - Stopped by Maxime Ouellet without a rebound.
12:44 of 1st period - Daniel Winnik wins face-off versus Marcus Kruger in Mustangs zone.
12:53 of 1st period - Snap shot by Raphael Diaz.
12:53 of 1st period - Goal by Raphael Diaz - Little Stars : 3 - Mustangs : 0.
12:54 of 1st period - Marcus Kruger wins face-off versus Brayden Schenn in neutral zone.
13:08 of 1st period - Slapshot by Tom Gilbert.
13:08 of 1st period - Deflect By Evander Kane.
13:08 of 1st period - Stopped by Peter Budaj with a rebound.
13:10 of 1st period - Snap shot by Evander Kane.
13:10 of 1st period - Shot Blocked by Raphael Diaz.
13:39 of 1st period - Slapshot by Daniel Winnik.
13:39 of 1st period - Shot Misses the Net.
14:09 of 1st period - Wrist shot by Cody Bass.
14:09 of 1st period - Goal by Cody Bass - Little Stars : 4 - Mustangs : 0.
14:09 of 1st period - Chet Pickard enters game.
14:10 of 1st period - Marcus Kruger wins face-off versus Reilly Smith in neutral zone.
14:19 of 1st period - Snap shot by Marcus Johansson.
14:19 of 1st period - Stopped by Chet Pickard with a rebound.
14:25 of 1st period - Danny DeKeiser is hit by Eric Gryba and loses puck.
14:36 of 1st period - Eric Godard is hit by Erik Haula and loses puck.
14:47 of 1st period - Slapshot by Zack Kassian.
14:47 of 1st period - Stopped by Chet Pickard with a rebound.
15:01 of 1st period - Wrist shot by Daniel Winnik.
15:01 of 1st period - Stopped by Peter Budaj without a rebound.
15:02 of 1st period - Rick Schofield wins face-off versus Marcus Kruger in Little Stars zone.
15:32 of 1st period - Derek Joslin is hit by Hugh Jessiman and loses puck.
15:37 of 1st period - Snap shot by Hugh Jessiman.
15:37 of 1st period - Stopped by Chet Pickard with a rebound.
15:39 of 1st period - Slapshot by Justin Faulk.
15:39 of 1st period - Shot Blocked by Cameron Gaunce.
15:44 of 1st period - Eric Godard beats up Jamie McGinn.
15:44 of 1st period - Penalty to Eric Godard for Fighting.
15:44 of 1st period - Penalty to Jamie McGinn for Fighting.
15:44 of 1st period - Penalty to Eric Godard for instigated a fight.
15:44 of 1st period - Penalty to Eric Godard for instigated a fight.
15:45 of 1st period - Brayden Schenn wins face-off versus Marcus Kruger in Mustangs zone.
16:18 of 1st period - Slapshot by Ryan O'Reilly.
16:18 of 1st period - Stopped by Peter Budaj without a rebound.
16:19 of 1st period - Marcus Kruger wins face-off versus Brayden Schenn in Little Stars zone.
16:21 of 1st period - Minor Penalty to Marcus Kruger for Roughing.
16:22 of 1st period - Ryan Vesce wins face-off versus Brayden Schenn in Little Stars zone.
17:24 of 1st period - Icing by Mathieu Roy.
17:25 of 1st period - Brayden Schenn wins face-off versus Ryan Vesce in Little Stars zone.
17:44 of 1st period - Penalty to Eric Godard is over, Denis Shvidki is send on ice.
18:21 of 1st period - Penalty to Marcus Kruger is over, Marcus Kruger is back on ice.
18:43 of 1st period - Slapshot by Derek Joslin.
18:43 of 1st period - Deflect By Reilly Smith.
18:43 of 1st period - Shot Misses the Net.
18:43 of 1st period - Puck is out of play.
18:44 of 1st period - Rick Schofield wins face-off versus Dennis Everberg in Little Stars zone.
19:27 of 1st period - Slapshot by Eric Gryba.
19:27 of 1st period - Deflect By Ben Eager.
19:27 of 1st period - Shot Blocked by Zack Kassian.
19:27 of 1st period - Puck is out of play.
19:28 of 1st period - Brayden Schenn wins face-off versus Erik Haula in Little Stars zone.
19:29 of 1st period - Wrist shot by Denis Shvidki.
19:29 of 1st period - Stopped by Peter Budaj with a rebound.
19:31 of 1st period - Snap shot by Denis Shvidki.
19:31 of 1st period - Shot Misses the Net.
19:33 of 1st period - Slapshot by Derek Joslin.
19:33 of 1st period - Stopped by Peter Budaj without a rebound.
19:34 of 1st period - Brayden Schenn wins face-off versus Marcus Kruger in Little Stars zone.
19:37 of 1st period - Wrist shot by Ben Eager.
19:37 of 1st period - Shot Misses the Net.
19:45 of 1st period - Slapshot by Denis Shvidki.
19:45 of 1st period - Stopped by Peter Budaj without a rebound.
19:46 of 1st period - Marcus Kruger wins face-off versus Brayden Schenn in Little Stars zone.
Goals for this period are 4 for Little Stars vs 0 for Mustangs.
Shots for this period are 13 for Little Stars vs 8 for Mustangs.

2nd period


0:01 of 2nd period - Marcus Kruger wins face-off versus Brayden Schenn in neutral zone.
0:37 of 2nd period - Minor Penalty to Jesse Joensuu for Tripping.
0:38 of 2nd period - Brayden Schenn wins face-off versus Ryan Vesce in Little Stars zone.
0:44 of 2nd period - Penalty to Jamie McGinn is over, Jamie McGinn is back on ice.
0:50 of 2nd period - Slapshot by Tom Gilbert.
0:50 of 2nd period - Shot Misses the Net.
1:11 of 2nd period - Icing by Tom Gilbert.
1:12 of 2nd period - Ryan O'Reilly wins face-off versus Marcus Kruger in Mustangs zone.
1:46 of 2nd period - Minor Penalty to Mathieu Roy for Goalie Interference.
1:47 of 2nd period - Ryan Vesce wins face-off versus Brayden Schenn in Little Stars zone.
2:14 of 2nd period - Justin Faulk is hit by Derek Joslin and loses puck.
2:37 of 2nd period - Penalty to Jesse Joensuu is over, Jesse Joensuu is back on ice.
3:46 of 2nd period - Penalty to Mathieu Roy is over, Mathieu Roy is back on ice.
4:01 of 2nd period - Wrist shot by Tom Gilbert.
4:01 of 2nd period - Shot Misses the Net.
4:07 of 2nd period - Snap shot by Denis Shvidki.
4:07 of 2nd period - Stopped by Peter Budaj with a rebound.
4:09 of 2nd period - Slapshot by Eric Gryba.
4:09 of 2nd period - Stopped by Peter Budaj with a rebound.
4:11 of 2nd period - Slapshot by Ben Eager.
4:11 of 2nd period - Goal by Ben Eager - Little Stars : 4 - Mustangs : 1.
4:12 of 2nd period - Brayden Schenn wins face-off versus Marcus Kruger in neutral zone.
4:38 of 2nd period - Jerome Samson is hit by Jesse Joensuu and loses puck.
4:49 of 2nd period - Snap shot by Daniel Winnik.
4:49 of 2nd period - Stopped by Peter Budaj with a rebound.
5:01 of 2nd period - Slapshot by Zack Kassian.
5:01 of 2nd period - Stopped by Chet Pickard with a rebound.
5:07 of 2nd period - Erik Haula is hit by Mark Pysyk and loses puck.
5:23 of 2nd period - Eric Gryba is hit by Mathieu Roy and loses puck.
6:18 of 2nd period - Wrist shot by Ryan Vesce.
6:18 of 2nd period - Shot Misses the Net.
6:20 of 2nd period - Snap shot by Ryan Vesce.
6:20 of 2nd period - Shot Misses the Net.
7:00 of 2nd period - Tom Gilbert is hit by Mathieu Roy and loses puck.
7:04 of 2nd period - Icing by Eric Gryba.
7:05 of 2nd period - Marcus Kruger wins face-off versus Rick Schofield in Mustangs zone.
7:10 of 2nd period - Snap shot by Ryan Vesce.
7:10 of 2nd period - Stopped by Chet Pickard with a rebound.
7:18 of 2nd period - Backhand shot by Derek Joslin.
7:18 of 2nd period - Stopped by Peter Budaj with a rebound.
7:20 of 2nd period - Slapshot by Derek Joslin.
7:20 of 2nd period - Stopped by Peter Budaj with a rebound.
7:22 of 2nd period - Slapshot by Derek Joslin.
7:22 of 2nd period - Deflect By Rick Schofield.
7:22 of 2nd period - Shot Misses the Net.
7:22 of 2nd period - Puck is out of play.
7:23 of 2nd period - Cody Bass wins face-off versus Brayden Schenn in Little Stars zone.
7:41 of 2nd period - Icing by Reilly Smith.
7:42 of 2nd period - Ryan Vesce wins face-off versus Brayden Schenn in Mustangs zone.
8:13 of 2nd period - Snap shot by Ryan O'Reilly.
8:13 of 2nd period - Stopped by Peter Budaj without a rebound.
8:14 of 2nd period - Ryan O'Reilly wins face-off versus Hugh Jessiman in Little Stars zone.
8:15 of 2nd period - Slapshot by Denis Shvidki.
8:15 of 2nd period - Shot Misses the Net.
8:27 of 2nd period - Slapshot by Hugh Jessiman.
8:27 of 2nd period - Stopped by Chet Pickard with a rebound.
8:29 of 2nd period - Slapshot by Mathieu Roy.
8:29 of 2nd period - Shot Misses the Net.
8:39 of 2nd period - Raphael Diaz is hit by Eric Gryba and loses puck.
8:46 of 2nd period - Snap shot by Reilly Smith.
8:46 of 2nd period - Deflect By Evander Kane.
8:46 of 2nd period - Shot Blocked by Mathieu Roy.
8:46 of 2nd period - Puck is out of play.
8:47 of 2nd period - Marcus Kruger wins face-off versus Riley Armstrong in Little Stars zone.
9:02 of 2nd period - Snap shot by Ryan Vesce.
9:02 of 2nd period - Shot Blocked by Cameron Gaunce.
10:04 of 2nd period - Snap shot by Dana Tyrell.
10:04 of 2nd period - Shot Blocked by Ben Eager.
10:18 of 2nd period - Backhand shot by Eric Gryba.
10:18 of 2nd period - Deflect By Mathieu Roy.
10:18 of 2nd period - Stopped by Peter Budaj without a rebound.
10:19 of 2nd period - Marcus Kruger wins face-off versus Rick Schofield in Little Stars zone.
10:35 of 2nd period - Icing by Marcus Johansson.
10:36 of 2nd period - Marcus Kruger wins face-off versus Brayden Schenn in Little Stars zone.
10:44 of 2nd period - 10 Minutes Misconduct Penalty to Eric Godard is over.
11:07 of 2nd period - Ryan O'Reilly is hit by Marcus Kruger and loses puck.
11:12 of 2nd period - Wrist shot by Marcus Johansson.
11:12 of 2nd period - Deflect By Ryan Vesce.
11:12 of 2nd period - Stopped by Chet Pickard with a rebound.
11:14 of 2nd period - Snap shot by Marcus Kruger.
11:14 of 2nd period - Stopped by Chet Pickard without a rebound.
11:15 of 2nd period - Cody Bass wins face-off versus Riley Armstrong in Mustangs zone.
11:18 of 2nd period - Snap shot by Jesse Joensuu.
11:18 of 2nd period - Shot Blocked by Tom Gilbert.
11:40 of 2nd period - Tom Gilbert is hit by Zack Kassian and loses puck.
12:03 of 2nd period - Slapshot by Raphael Diaz.
12:03 of 2nd period - Shot Misses the Net.
12:11 of 2nd period - Wrist shot by Raphael Diaz.
12:11 of 2nd period - Shot Blocked by Nate Guenin.
12:13 of 2nd period - Wrist shot by Dana Tyrell.
12:13 of 2nd period - Stopped by Chet Pickard without a rebound.
12:14 of 2nd period - Marcus Kruger wins face-off versus Riley Armstrong in Mustangs zone.
12:59 of 2nd period - Slapshot by Mathieu Roy.
12:59 of 2nd period - Stopped by Chet Pickard without a rebound.
13:00 of 2nd period - Ryan O'Reilly wins face-off versus Erik Haula in Mustangs zone.
13:25 of 2nd period - Ryan Vesce is hit by Eric Gryba.
13:36 of 2nd period - Minor Penalty to Cameron Gaunce for Tripping.
13:37 of 2nd period - Brayden Schenn wins face-off versus Marcus Kruger in Mustangs zone.
13:37 of 2nd period - Brayden Schenn is hit by Mathieu Roy.
13:51 of 2nd period - Ryan Vesce is hit by Eric Gryba and loses puck.
14:15 of 2nd period - Off-side.
14:16 of 2nd period - Hugh Jessiman wins face-off versus Ryan O'Reilly in neutral zone.
15:06 of 2nd period - Ryan Vesce is hit by Tom Gilbert and loses puck.
15:23 of 2nd period - Slapshot by Hugh Jessiman.
15:23 of 2nd period - Shot Misses the Net.
15:36 of 2nd period - Penalty to Cameron Gaunce is over, Cameron Gaunce is back on ice.
15:49 of 2nd period - Alexander Vasyunov is hit by Ben Eager and loses puck.
15:56 of 2nd period - Ben Eager is hit by Conor Allen and loses puck.
16:53 of 2nd period - Icing by Zack Kassian.
16:54 of 2nd period - Riley Armstrong wins face-off versus Erik Haula in Little Stars zone.
16:55 of 2nd period - Snap shot by Denis Shvidki.
16:55 of 2nd period - Stopped by Peter Budaj with a rebound.
17:16 of 2nd period - Slapshot by Zack Kassian.
17:16 of 2nd period - Stopped by Chet Pickard with a rebound.
17:18 of 2nd period - Snap shot by Zack Kassian.
17:18 of 2nd period - Shot Misses the Net.
17:20 of 2nd period - Wrist shot by Zack Kassian.
17:20 of 2nd period - Shot Blocked by Tom Gilbert.
17:22 of 2nd period - Snap shot by Alexander Vasyunov.
17:22 of 2nd period - Deflect By Erik Haula.
17:22 of 2nd period - Shot Blocked by Brayden Schenn.
17:22 of 2nd period - Puck is out of play.
17:23 of 2nd period - Marcus Kruger wins face-off versus Brayden Schenn in Mustangs zone.
17:26 of 2nd period - Snap shot by Ryan Vesce.
17:26 of 2nd period - Shot Misses the Net.
17:32 of 2nd period - Brayden Schenn is hit by Marcus Johansson and loses puck.
17:53 of 2nd period - Slapshot by Tom Gilbert.
17:53 of 2nd period - Shot Blocked by Raphael Diaz.
17:55 of 2nd period - Snap shot by Reilly Smith.
17:55 of 2nd period - Shot Misses the Net.
17:57 of 2nd period - Wrist shot by Brayden Schenn.
17:57 of 2nd period - Stopped by Peter Budaj without a rebound.
17:58 of 2nd period - Cody Bass wins face-off versus Ryan O'Reilly in Little Stars zone.
18:03 of 2nd period - Snap shot by Danny DeKeiser.
18:03 of 2nd period - Shot Misses the Net.
18:09 of 2nd period - Slapshot by Nate Guenin.
18:09 of 2nd period - Shot Blocked by Hugh Jessiman.
18:13 of 2nd period - Snap shot by Ryan O'Reilly.
18:13 of 2nd period - Shot Blocked by Danny DeKeiser.
18:18 of 2nd period - Minor Penalty to Zack Kassian for Holding.
18:19 of 2nd period - Ryan Vesce wins face-off versus Brayden Schenn in Little Stars zone.
18:32 of 2nd period - Slapshot by Tom Gilbert.
18:32 of 2nd period - Stopped by Peter Budaj with a rebound.
19:20 of 2nd period - Slapshot by Justin Faulk.
19:20 of 2nd period - Deflect By Marcus Kruger.
19:20 of 2nd period - Stopped by Chet Pickard without a rebound.
19:21 of 2nd period - Brayden Schenn wins face-off versus Marcus Kruger in Mustangs zone.
19:32 of 2nd period - Nate Guenin is hit by Raphael Diaz and loses puck.
Goals for this period are 0 for Little Stars vs 1 for Mustangs.
Shots for this period are 9 for Little Stars vs 11 for Mustangs.

3rd period


0:01 of 3rd period - Ryan Vesce wins face-off versus Brayden Schenn in neutral zone.
0:15 of 3rd period - Slapshot by Tom Gilbert.
0:15 of 3rd period - Shot Blocked by Ryan Vesce.
0:18 of 3rd period - Penalty to Zack Kassian is over, Zack Kassian is back on ice.
0:25 of 3rd period - Raphael Diaz is hit by Ryan O'Reilly and loses puck.
0:34 of 3rd period - Wrist shot by Mathieu Roy.
0:34 of 3rd period - Stopped by Chet Pickard without a rebound.
0:35 of 3rd period - Brayden Schenn wins face-off versus Marcus Kruger in Mustangs zone.
0:35 of 3rd period - Brayden Schenn is hit by Marcus Johansson.
0:51 of 3rd period - Snap shot by Evander Kane.
0:51 of 3rd period - Shot Misses the Net.
1:03 of 3rd period - Snap shot by Ryan O'Reilly.
1:03 of 3rd period - Stopped by Peter Budaj without a rebound.
1:04 of 3rd period - Ryan O'Reilly wins face-off versus Cody Bass in Little Stars zone.
1:07 of 3rd period - Snap shot by Ben Eager.
1:07 of 3rd period - Shot Misses the Net.
1:09 of 3rd period - Minor Penalty to Cody Bass for Hooking.
1:10 of 3rd period - Brayden Schenn wins face-off versus Ryan Vesce in Little Stars zone.
1:35 of 3rd period - Ryan Vesce is hit by Brayden Schenn and loses puck.
1:43 of 3rd period - Minor Penalty to Mathieu Roy for Cross-checking.
1:44 of 3rd period - Eric Godard wins face-off versus Ryan Vesce in Little Stars zone.
1:46 of 3rd period - Wrist shot by Eric Godard.
1:46 of 3rd period - Stopped by Peter Budaj without a rebound.
1:47 of 3rd period - Ryan Vesce wins face-off versus Ryan O'Reilly in Little Stars zone.
2:00 of 3rd period - Snap shot by Eric Godard.
2:00 of 3rd period - Shot Blocked by Ryan Vesce.
2:02 of 3rd period - Snap shot by Eric Godard.
2:02 of 3rd period - Shot Misses the Net.
3:09 of 3rd period - Penalty to Cody Bass is over, Cody Bass is back on ice.
3:37 of 3rd period - Eric Godard is hit by Marcus Johansson.
3:43 of 3rd period - Penalty to Mathieu Roy is over, Mathieu Roy is back on ice.
3:53 of 3rd period - Slapshot by Mathieu Roy.
3:53 of 3rd period - Shot Blocked by Denis Shvidki.
3:55 of 3rd period - Slapshot by Danny DeKeiser.
3:55 of 3rd period - Shot Blocked by Derek Joslin.
3:57 of 3rd period - Snap shot by Ryan Vesce.
3:57 of 3rd period - Shot Hit the Post.
3:59 of 3rd period - Wrist shot by Mathieu Roy.
3:59 of 3rd period - Shot Misses the Net.
4:01 of 3rd period - Snap shot by Ryan Vesce.
4:01 of 3rd period - Shot Misses the Net.
4:03 of 3rd period - Slapshot by Hugh Jessiman.
4:03 of 3rd period - Stopped by Chet Pickard with a rebound.
4:05 of 3rd period - Wrist shot by Hugh Jessiman.
4:05 of 3rd period - Stopped by Chet Pickard without a rebound.
4:06 of 3rd period - Erik Haula wins face-off versus Rick Schofield in Mustangs zone.
4:17 of 3rd period - Jerome Samson is hit by Mathieu Roy.
4:27 of 3rd period - Marcus Foligno is hit by Mathieu Roy.
4:36 of 3rd period - Denis Shvidki is hit by Jamie McGinn.
5:13 of 3rd period - Zack Kassian is hit by Ryan O'Reilly and loses puck.
5:14 of 3rd period - Zack Kassian from Little Stars is injured at 5:14 of 3rd period (Bruised Left Foot).
5:15 of 3rd period - Brayden Schenn wins face-off versus Marcus Kruger in Little Stars zone.
5:22 of 3rd period - Wrist shot by Marcus Johansson.
5:22 of 3rd period - Shot Misses the Net.
5:24 of 3rd period - Wrist shot by Marcus Johansson.
5:24 of 3rd period - Shot Misses the Net.
5:47 of 3rd period - Wrist shot by Eric Godard.
5:47 of 3rd period - Stopped by Peter Budaj with a rebound.
5:49 of 3rd period - Wrist shot by Eric Godard.
5:49 of 3rd period - Shot Misses the Net.
5:51 of 3rd period - Slapshot by Ryan O'Reilly.
5:51 of 3rd period - Stopped by Peter Budaj without a rebound.
5:52 of 3rd period - Marcus Johansson wins face-off versus Brayden Schenn in Little Stars zone.
5:59 of 3rd period - Derek Joslin is hit by Marcus Kruger and loses puck.
6:06 of 3rd period - Slapshot by Cameron Gaunce.
6:06 of 3rd period - Deflect By Reilly Smith.
6:06 of 3rd period - Stopped by Peter Budaj without a rebound.
6:07 of 3rd period - Cody Bass wins face-off versus Ryan O'Reilly in Little Stars zone.
6:20 of 3rd period - Off-side.
6:21 of 3rd period - Marcus Kruger wins face-off versus Brayden Schenn in neutral zone.
6:30 of 3rd period - Wrist shot by Marcus Johansson.
6:30 of 3rd period - Stopped by Chet Pickard without a rebound.
6:31 of 3rd period - Brayden Schenn wins face-off versus Marcus Kruger in Mustangs zone.
6:41 of 3rd period - Minor Penalty to Mathieu Roy for High sticking.
6:42 of 3rd period - Ryan Vesce wins face-off versus Brayden Schenn in Little Stars zone.
7:14 of 3rd period - Snap shot by Tom Gilbert.
7:14 of 3rd period - Shot Blocked by Raphael Diaz.
7:16 of 3rd period - Slapshot by Tom Gilbert.
7:16 of 3rd period - Shot Misses the Net.
7:18 of 3rd period - Backhand shot by Eric Godard.
7:18 of 3rd period - Stopped by Peter Budaj without a rebound.
7:19 of 3rd period - Hugh Jessiman wins face-off versus Reilly Smith in Little Stars zone.
8:07 of 3rd period - Minor Penalty to Justin Faulk for Holding.
8:08 of 3rd period - Brayden Schenn wins face-off versus Ryan Vesce in Little Stars zone.
8:19 of 3rd period - Snap shot by Brayden Schenn.
8:19 of 3rd period - Stopped by Peter Budaj without a rebound.
8:20 of 3rd period - Ryan Vesce wins face-off versus Brayden Schenn in Little Stars zone.
8:41 of 3rd period - Penalty to Mathieu Roy is over, Mathieu Roy is back on ice.
8:44 of 3rd period - Evander Kane is hit by Conor Allen and loses puck.
9:13 of 3rd period - Slapshot by Tom Gilbert.
9:13 of 3rd period - Deflect By Evander Kane.
9:13 of 3rd period - Shot Blocked by Conor Allen.
9:13 of 3rd period - Puck is out of play.
9:14 of 3rd period - Ben Eager wins face-off versus Oscar Lindberg in Little Stars zone.
10:07 of 3rd period - Penalty to Justin Faulk is over, Justin Faulk is back on ice.
10:18 of 3rd period - Slapshot by Denis Shvidki.
10:18 of 3rd period - Shot Misses the Net.
10:20 of 3rd period - Slapshot by Nate Guenin.
10:20 of 3rd period - Stopped by Peter Budaj without a rebound.
10:21 of 3rd period - Erik Haula wins face-off versus Riley Armstrong in Little Stars zone.
10:33 of 3rd period - Slapshot by Raphael Diaz.
10:33 of 3rd period - Stopped by Chet Pickard with a rebound.
10:35 of 3rd period - Slapshot by Danny DeKeiser.
10:35 of 3rd period - Stopped by Chet Pickard without a rebound.
10:36 of 3rd period - Dana Tyrell wins face-off versus Brayden Schenn in Mustangs zone.
11:05 of 3rd period - Wrist shot by Alexander Vasyunov.
11:05 of 3rd period - Goal by Alexander Vasyunov - Little Stars : 5 - Mustangs : 1.
11:06 of 3rd period - Brayden Schenn wins face-off versus Marcus Kruger in neutral zone.
11:11 of 3rd period - Wrist shot by Tom Gilbert.
11:11 of 3rd period - Stopped by Peter Budaj with a rebound.
11:19 of 3rd period - Snap shot by Marcus Kruger.
11:19 of 3rd period - Stopped by Chet Pickard with a rebound.
11:59 of 3rd period - Off-side.
12:00 of 3rd period - Marcus Kruger wins face-off versus Denis Shvidki in neutral zone.
12:35 of 3rd period - Hugh Jessiman is hit by Brayden Schenn and loses puck.
12:43 of 3rd period - Icing by Raphael Diaz.
12:44 of 3rd period - Ben Eager wins face-off versus Landon Ferraro in Little Stars zone.
13:31 of 3rd period - Icing by Cody Bass.
13:32 of 3rd period - Riley Armstrong wins face-off versus Cody Bass in Little Stars zone.
13:47 of 3rd period - Slapshot by Riley Armstrong.
13:47 of 3rd period - Stopped by Peter Budaj with a rebound.
14:14 of 3rd period - Minor Penalty to Marcus Foligno for Cross-checking.
14:15 of 3rd period - Marcus Kruger wins face-off versus Brayden Schenn in Mustangs zone.
15:20 of 3rd period - Marcus Kruger is hit by Ryan O'Reilly and loses puck.
16:14 of 3rd period - Penalty to Marcus Foligno is over, Marcus Foligno is back on ice.
16:19 of 3rd period - Eric Gryba is hit by Danny DeKeiser and loses puck.
16:26 of 3rd period - Wrist shot by Ben Eager.
16:26 of 3rd period - Stopped by Peter Budaj without a rebound.
16:27 of 3rd period - Riley Armstrong wins face-off versus Alexander Vasyunov in Little Stars zone.
17:13 of 3rd period - Minor Penalty to Nate Guenin for Roughing.
17:14 of 3rd period - Brayden Schenn wins face-off versus Marcus Kruger in Mustangs zone.
17:20 of 3rd period - Icing by Marcus Johansson.
17:21 of 3rd period - Marcus Kruger wins face-off versus Brayden Schenn in Little Stars zone.
17:28 of 3rd period - Eric Gryba is hit by Ryan Vesce.
17:48 of 3rd period - Slapshot by Justin Faulk.
17:48 of 3rd period - Shot Blocked by Evander Kane.
17:58 of 3rd period - Wrist shot by Marcus Kruger.
17:58 of 3rd period - Shot Blocked by Derek Joslin.
18:00 of 3rd period - Slapshot by Marcus Johansson.
18:00 of 3rd period - Goal by Marcus Johansson - Little Stars : 6 - Mustangs : 1.
18:01 of 3rd period - Cody Bass wins face-off versus Brayden Schenn in neutral zone.
18:06 of 3rd period - Slapshot by Raphael Diaz.
18:06 of 3rd period - Shot Blocked by Tom Gilbert.
18:26 of 3rd period - Eric Gryba is hit by Ryan Vesce and loses puck.
18:32 of 3rd period - Icing by Tom Gilbert.
18:33 of 3rd period - Ryan O'Reilly wins face-off versus Marcus Kruger in Mustangs zone.
18:33 of 3rd period - Ryan O'Reilly is hit by Ryan Vesce.
18:41 of 3rd period - Wrist shot by Eric Godard.
18:41 of 3rd period - Stopped by Peter Budaj without a rebound.
18:42 of 3rd period - Brayden Schenn wins face-off versus Marcus Kruger in Little Stars zone.
18:43 of 3rd period - Backhand shot by Evander Kane.
18:43 of 3rd period - Shot Misses the Net.
18:45 of 3rd period - Snap shot by Brayden Schenn.
18:45 of 3rd period - Stopped by Peter Budaj with a rebound.
18:47 of 3rd period - Wrist shot by Reilly Smith.
18:47 of 3rd period - Shot Misses the Net.
18:49 of 3rd period - Wrist shot by Brayden Schenn.
18:49 of 3rd period - Stopped by Peter Budaj with a rebound.
18:51 of 3rd period - Slapshot by Reilly Smith.
18:51 of 3rd period - Shot Misses the Net.
Goals for this period are 2 for Little Stars vs 0 for Mustangs.
Shots for this period are 9 for Little Stars vs 14 for Mustangs.